 Dungeon Crawl Stone Soup version bcrawl-1.12.2 (webtiles) character file.

Game seed: 2238377281384546691

54 Ebbett the Gusty (level 3, -1/21 HPs)
             Began as a Fairy Air Elementalist on July 23, 2019.
             Slain by a gnoll
             ... wielding a +0 whip
              (9 damage)
             ... on level 2 of the Dungeon.
             The game lasted 00:04:20 (473 turns).

Ebbett the Gusty (Fairy Air Elementalist)            Turns: 473, Time: 00:04:20

Health: -1/21      AC:  4    Str:  6    XL:     3   Next: 91%
Magic:  9/10       EV: 13    Int: 19    God:
Gold:   101        SH: 10    Dex: 12    Spells: 8/9 levels left

rFire    . . .     SeeInvis .   j - +0 dagger (venom)
rCold    . . .     Gourm    .   f - +0 shield
rNeg     . . .     Faith    .   (armour unavailable)
rPois    .         Spirit   .   (no helmet)
rElec    .         Reflect  .   (no cloak)
rCorr    .         Harm     .   (no gloves)
MR       .....                  (no boots)
Stlth    +.........             (no amulet)
HPRegen  0.07/turn              (no ring)
MPRegen  0.12/turn              (no ring)

@: flying evasively, slightly contaminated
A: small, magic attunement, unstealthy, unfitting armour, able to fly, AC/SH +4
a: Stop Flying


You were on level 2 of the Dungeon.
You were not hungry.

You visited 1 branch of the dungeon, and saw 2 of its levels.

You collected 101 gold pieces.

Inventory:

Hand Weapons
 g - a +0 hand axe
 j - a +0 dagger of venom (weapon)
Armour
 f - a +0 shield (worn)
Scrolls
 a - a scroll of enchant armour {unknown}
 c - 2 scrolls of remove curse {unknown}
 e - 2 scrolls of teleportation {unknown}
 h - a scroll of blinking {unknown}
Potions
 d - a potion of degeneration {unknown}
 i - a potion of berserk rage {unknown}
Comestibles
 b - 3 rations {!d}


   Skills:
 + Level 3.1 Dodging
 + Level 1.7 Stealth
 + Level 0.1 Shields
 + Level 3.8 Spellcasting
 + Level 1.4 Conjurations
 + Level 4.5 Air Magic


You had 8 spell levels left.
You knew the following spells:

 Your Spells              Type           Power        Failure   Level  Hunger
a - Shock                 Conj/Air       ##...        28%         1    None

Your spell library contained the following spells:

 Spells                   Type           Power        Failure   Level  Hunger
 Static Discharge         Air            ###.....     41%         3    None
 Swiftness                Chrm/Air       ##......     50%         2    None
 Airstrike                Air            ###.......   83%         4    None
 Lightning Bolt           Conj/Air       ##........   100%        5    None


Dungeon Overview and Level Annotations

Branches:
Dungeon (2/12)

Altars:


Innate Abilities, Weirdness & Mutations

Your spells do not cause hunger and MP costs are reduced by 1.
Your bright wings attract enemies. (Stealth-)
You cannot fit into any form of body armour.
Your shimmering scales are hard and can block incoming attacks. (AC +4, SH +4)
You are small and have problems with some larger weapons.
You can fly continuously.


Message History

Confirm with . or Enter, or press ? or * to list all spells.
Aiming: Shock (safe; 28% risk of failure)
Press: ? - help, Shift-Dir - straight line That beam is likely to hit you.
Continue anyway? [Y]es or [N]o only, please.
That beam is likely to hit you.
Continue anyway? [Y]es or [N]o only, please.
That beam is likely to hit you.
Continue anyway?
Okay, then.
A jackal comes into view.
The jackal barks!
You hear a bark!
The bat barely misses you. You block the leopard gecko's attack.
A jackal comes into view.
You block the leopard gecko's attack. The bat hits you but does no damage.
The bat barely misses you.
You hit the bat.
The bat is heavily wounded.
The bat closely misses you. The bat hits you.
The gnoll hits you with a +0 whip!
You die...

###.....#.#..........
..... ...............
...... ###...........
...... #....)<.......
......##(..#..h..h...
......†........P.....
........###....####..
......#.###.#..#). .
###.....b@gl#..#%.
###.#.##.)...####
#.#.###......P. . ..#
.)#...... >..###
.######## ###. .. #
.. ...


You could see a gnoll, a leopard gecko, a jackal and a bat.

Vanquished Creatures
  2 gnolls (D:2)
  2 oozes (D:1)
  A dart slug (D:1)
  2 giant cockroaches (D:1)
  3 goblins (D:1)
  3 hobgoblins (D:1)
  4 jackals (D:2)
  2 bats (D:1)
  5 kobolds
  2 rats (D:1)
26 creatures vanquished.

Notes
Turn   | Place    | Note
-------+----------+-------------------------------------------
     0 | D:1      | Ebbett the Fairy Air Elementalist began the quest for the
                  | Orb.
     0 | D:1      | Reached XP level 1. HP: 11/11 MP: 6/6
    58 | D:1      | Reached XP level 2. HP: 17/17 MP: 7/7
    90 | D:1      | Reached skill level 4 in Air Magic
   319 | D:1      | Reached XP level 3. HP: 21/21 MP: 9/9
   473 | D:2      | Slain by a gnoll

Skill      XL: |  1  2 |
---------------+-------+-----
Air Magic      | 4 |  4.5
Dodging        | 3 |  3.1
Spellcasting   | 3 |  3.8
Stealth        | |  1.7
Shields        | |  0.1
Conjurations   | |  1.4

Action                   || total
-------------------------++-------
Melee: Dagger            ||     2
 Cast: Shock             ||    55
Armor: Skin              ||     8
Dodge: Dodged            ||    18
Block: Shield            ||    22
